 Dungeon Crawl Stone Soup version 0.20.0-15-g7f486f2 (webtiles) character file.

1030 spinkules the Cleaver (level 8, -10/72 HPs)
             Began as a Gargoyle Berserker on June 26, 2017.
             Was a Priest of Trog.
             Mangled by a troll (11 damage)
             ... on level 6 of the Dungeon.
             The game lasted 00:09:28 (4429 turns).

spinkules the Cleaver (Gargoyle Berserker)          Turns: 4429, Time: 00:09:28

Health: -10/72     AC: 11    Str: 25    XL:     8   Next: 23%
Magic:  8/8        EV: 11    Int:  9    God:    Trog [***...]
Gold:   147        SH:  0    Dex: 11    Spells: 7/7 levels left

rFire    . . .     SeeInvis .   p - +0 hand axe (elec)
rCold    . . .     Gourm    .   (no shield)
rNeg     + . .     Faith    .   f - +0 ring mail
rPois    ∞         Spirit   .   (no helmet)
rElec    +         Reflect  .   o - +0 cloak
rCorr    .         Harm     .   (no gloves)
MR       .....                  (no boots)
Stlth    ..........             (no amulet)
Regen    0.3/turn               (no ring)
MPRegen  0.2/turn               (no ring)

@: berserking, very quick
A: negative energy resistance 1, electricity resistance, unbreathing,
petrification resistance, rot immunity, AC +5
a: Berserk, Trog's Hand, Burn Spellbooks, Renounce Religion


You were on level 6 of the Dungeon.
You worshipped Trog.
Trog was most pleased with you.
You were very hungry.

You visited 1 branch of the dungeon, and saw 6 of its levels.

You collected 147 gold pieces.

Inventory:

Hand Weapons
 a - a +0 hand axe
 p - a +0 hand axe of electrocution (weapon)
Armour
 b - a +0 animal skin
 f - a +0 ring mail (worn)
 o - a +0 cloak (worn)
Scrolls
 e - 3 scrolls of remove curse {unknown}
 g - a scroll of recharging {unknown}
 h - a scroll of enchant weapon {unknown}
 j - a scroll of magic mapping {unknown}
 l - 2 scrolls of amnesia {unknown}
 m - 5 scrolls of identify {unknown}
 q - a scroll of fear {unknown}
 s - 2 scrolls of random uselessness {unknown}
 u - a scroll of teleportation {unknown}
 w - a scroll of blinking {unknown}
 x - a scroll of immolation {unknown}
Potions
 d - a potion of might {unknown}
 i - 5 potions of curing {unknown}
 k - 2 potions of ambrosia {unknown}
 n - 3 potions of heal wounds {unknown}
Comestibles
 c - 3 bread rations
 r - 3 royal jellies
 t - 2 meat rations
 v - 3 chunks of flesh


   Skills:
 - Level 3.7 Fighting
 + Level 8.7 Axes
 - Level 2.2 Armour
 - Level 2.0 Dodging
 - Level 0.2 Stealth


You had 7 spell levels left.
You didn't know any spells.

Dungeon Overview and Level Annotations

Branches:
Dungeon (6/15)             Temple (0/1) D:5

Altars:
Xom


Innate Abilities, Weirdness & Mutations

You are resistant to torment.
Your stone body is resilient. (AC +5)
You are immune to poison.
You resist negative energy. (rN+)
You are resistant to electric shocks. (rElec)
You can survive without breathing.
You are immune to petrification.
You are immune to rotting.


Message History

The troll is heavily wounded.
The troll barely misses you. The troll claws you. The troll barely misses you.
You barely miss the troll.
The troll is heavily wounded.
The troll bites you!
* * * LOW HITPOINT WARNING * * *
The troll claws you but does no damage. The troll misses you.
A red film seems to cover your vision as you go berserk!
You feel yourself moving faster!
You feel mighty!
You are feeling very hungry.
The troll barely misses you. The troll claws you.
* * * LOW HITPOINT WARNING * * *
The troll claws you!
* * * LOW HITPOINT WARNING * * *
You hit the troll.
The troll is heavily wounded.
You barely miss the troll.
The troll is heavily wounded.
The troll bites you!
You die...

###### #....#
#.##.#
#.##.########
#.##........#
#@#########.#
#T# #<#
######.###
#.#
#........#
#.#
#........#
#.#
.$.......%#
#.#
.........†.#
###
...........#
....##.....#


You could see a troll.

Vanquished Creatures
  2 ogres
  A centaur (D:4)
  The ghost of rezek the Conjurer, an amateur TeCj (D:3)
  2 howler monkeys
  A crimson imp (D:5)
  2 hounds (D:5)
  2 orc priests (D:4)
  A bullfrog skeleton (D:5)
  Jessica (D:2)
  Terence (D:2)
  An iguana (D:4)
  4 worker ants
  An orc wizard (D:4)
  10 adders
  8 gnolls
  A shadow imp (D:5)
  2 worms
  3 dart slugs
  4 leopard geckos
  7 orcs
  6 giant cockroaches
  4 goblins (D:2)
  7 hobgoblins
  5 jackals
  4 kobolds
  5 quokkas
  2 bats (D:2)
  6 frilled lizards
  7 rats
101 creatures vanquished.

Notes
Turn   | Place    | Note
-------+----------+-------------------------------------------
     0 | D:1      | spinkules the Gargoyle Berserker began the quest for the Orb.
     0 | D:1      | Reached XP level 1. HP: 14/14 MP: 1/1
    66 | D:1      | Reached XP level 2. HP: 17/19 MP: 2/2
   160 | D:1      | Reached skill level 3 in Axes
   382 | D:1      | Found a shimmering altar of Xom.
   685 | D:2      | Reached XP level 3. HP: 24/24 MP: 3/3
  1275 | D:2      | Reached XP level 4. HP: 19/29 MP: 4/4
  1456 | D:2      | Reached skill level 4 in Axes
  1586 | D:2      | Reached ** piety under Trog
  1640 | D:2      | Noticed Terence
  1650 | D:2      | Killed Terence
  1650 | D:2      | Reached XP level 5. HP: 33/33 MP: 5/5
  1713 | D:2      | Found a faded altar of an unknown god.
  1982 | D:2      | Reached skill level 5 in Axes
  2247 | D:2      | Noticed Jessica
  2258 | D:2      | Killed Jessica
  2447 | D:3      | Noticed rezek's ghost (amateur TeCj)
  2456 | D:3      | Killed rezek's ghost
  2456 | D:3      | Reached XP level 6. HP: 38/38 MP: 6/6
  2714 | D:4      | Reached skill level 6 in Axes
  3007 | D:4      | Reached XP level 7. HP: 42/42 MP: 7/7
  3224 | D:4      | Reached skill level 7 in Axes
  3241 | D:4      | Reached *** piety under Trog
  3590 | D:5      | Entered Level 5 of the Dungeon
  3743 | D:5      | Reached skill level 8 in Axes
  3876 | D:5      | Reached XP level 8. HP: 44/48 MP: 8/8
  4192 | D:5      | Found a staircase to the Ecumenical Temple.
  4415 | D:6      | Noticed a troll
  4427 | D:6      | HP: 1/72 [troll (7)]
  4429 | D:6      | Mangled by a troll

Skill      XL: |  1  2  3  4  5  6  7 |
---------------+----------------------+-----
Axes           | 3 4 5 6 8 |  8.7
Dodging        | 2 |  2.0
Fighting       | |  3.7
Armour         | |  2.2
Stealth        | |  0.2

Action                   |  1- 3 |  4- 6 |  7- 9 || total
-------------------------+-------+-------+-------++-------
Melee: Hand axe          |    87 |   153 |   129 ||   369
Invok: Berserk           |       |     3 |     4 ||     7
  Eat: Chunk             |     1 |     9 |     7 ||    17
Armor: Animal skin       |    32 |    16 |       ||    48
       Ring mail         |       |    34 |    43 ||    77
Dodge: Dodged            |    60 |    78 |    62 ||   200
